 Dungeon Crawl Stone Soup version 0.32-a0-791-gfc315c9ecd (webtiles) character file.

Game seed: 718081696696266058

2783 chipmonk the Chopper (level 9, -2/62 HPs)
             Began as a Coglin Gladiator on Mar 20, 2024.
             Was a Follower of Hepliaklqana.
             Slain by an orc warrior
             ... wielding a +0 mace
              (5 damage)
             ... on level 8 of the Dungeon.
             The game lasted 00:13:13 (6847 turns).

chipmonk the Chopper (Coglin Gladiator)             Turns: 6847, Time: 00:13:13

Health: -2/62      AC: 11    Str: 17 (18) XL:     9   Next: 70%
Magic:  20/20      EV: 13    Int:  7 (8)  God:    Hepliaklqana [*.....]
Gold:   307        SH:  0    Dex: 14 (16) Spells: 8/8 levels left

rFire   + . .        a - +0 war axe {Lin}
rCold   + . .        s - +2 dagger (venom) {Sukanya}
rNeg    . . .        b - +1 leather armour
rPois   .            D - +1 helmet "Qelafanokh" {rF+ rC+}
rElec   .            r - +0 cloak of Daisies {Will+ rCorr MP+9}
rCorr   +            q - +2 pair of gloves
SInv    .            (no boots)
Will    +....        (amulet unavailable)
Stlth   +            (ring unavailable)
HPRegen 0.30/turn    (ring unavailable)
MPRegen 0.17/turn    (no gizmo)

%: no passive effects
@: mighty, brilliant, lethally poisoned (-2 -> -7), revved
A: reduced essence, off-hand wielding, slow wielding, warmup strikes, no
jewellery
a: Invent Gizmo, Renounce Religion, Recall Ancestor, Ancestor Identity


You were on level 8 of the Dungeon.
You worshipped Hepliaklqana.
Hepliaklqana was aware of your devotion.
You visited 2 branches of the dungeon, and saw 9 of its levels.

You collected 307 gold pieces.

Inventory:

Hand Weapons
 a - a +0 war axe (weapon) {Lin}
 s - a +2 dagger of venom (offhand) {Sukanya}
Missiles
 d - 3 throwing nets (quivered)
 e - a javelin
 n - 23 poisoned darts
Armour
 b - a +1 leather armour (worn)
 q - a +2 pair of gloves (worn)
 r - the +0 cloak of Daisies (worn) {Will+ rCorr MP+9}
   (You acquired it on level 6 of the Dungeon)

   Will+:     It increases your willpower.
   MP+9:      It affects your magic capacity (+9).
   rCorr:     It protects you from acid and corrosion.
 D - the +1 helmet "Qelafanokh" (worn) {rF+ rC+}
   (You found it on level 6 of the Dungeon)

   rF+:       It protects you from fire.
   rC+:       It protects you from cold.
Magical Staves
 m - a staff of conjuration
Talismans
 y - the beast talisman of Inaction {rElec rC- rCorr Dex+7}
   (You found it on level 5 of the Dungeon)

   [beast talisman]

   Dex+7:     It affects your dexterity (+7).
   rC-:       It makes you vulnerable to cold.
   rElec:     It insulates you from electricity.
   rCorr:     It protects you from acid and corrosion.
Wands
 c - a wand of mindburst (14)
 A - a wand of acid (6)
Scrolls
 g - 3 scrolls of enchant weapon
 j - a scroll of silence
 k - a scroll of immolation
 o - 2 scrolls of poison
 t - a scroll of amnesia
 v - a scroll of blinking {unknown}
 C - 2 scrolls of fog
 H - 2 scrolls of identify
Potions
 f - a potion of heal wounds {unknown}
 h - 2 potions of magic {unknown}
 i - 3 potions of brilliance
 l - 2 potions of mutation {unknown}
 p - a potion of enlightenment {unknown}
 u - 2 potions of degeneration
 x - 2 potions of curing {unknown}
 z - 2 potions of lignification {unknown}
 B - 2 potions of might
 F - a potion of haste {unknown}
 G - a potion of cancellation {unknown}
 I - a potion of attraction {unknown}


   Skills:
 + Level 6.1 Fighting
 + Level 6.6 Axes
 - Level 2.0 Throwing
 + Level 5.2 Armour
 + Level 5.9 Dodging
 + Level 3.0 Invocations
 - Level 5.0 Evocations


You had 8 spell levels left.
You didn't know any spells.
Your spell library contained the following spells:

 Spells                   Type           Power      Damage    Failure   Level
 Ensorcelled Hibernation  Hex/Ice        0%         N/A       63%         2
 Fugue of the Fallen      Necr           0%         N/A       86%         3
 Volatile Blastmotes      Fire/Tloc      0%         2d10      86%         3
 Anguish                  Hex/Necr       0%         N/A       99%         4
 Fulminant Prism          Conj/Alch      0%         3d5       99%         4
 Ignite Poison            Fire/Alch      0%         N/A       99%         4
 Iskenderun's Mystic Bla  Conj/Tloc      0%         2d3       99%         4
 Sticky Flame             Fire/Alch      0%         2d4       99%         4
 Ignition                 Fire           0%         3d3       100%        8


Dungeon Overview and Level Annotations

Branches:
Dungeon (8/15)             Temple (1/1) D:6
   Lair: D:8-11

Altars:
Ashenzari
Cheibriados
Dithmenos
Elyvilon
Hepliaklqana
Kikubaaqudgha
Makhleb
Nemelex Xobeh
Okawaru
Uskayaw
Xom
Zin
The Shining One

Shops:
D:5 *


Innate Abilities, Weirdness & Mutations

Your life essence is reduced to manifest your ancestor. (-10% HP)
You can wield a second weapon in your off-hand.
It takes a long time for you to wield or remove held weapons.
Your first few attacks do less damage.
You cannot equip rings or amulets.


Message History

You slash the orc wizard with your +0 war axe!
You kill the orc wizard!
Your Invocations skill increases to level 3!
The water moccasin bites you.
* * * LOW HITPOINT WARNING * * *
You are lethally poisoned!
The water moccasin poisons you!
Surch barely misses the water moccasin.
The water moccasin barely misses you.
Things that are here:
a +0 dagger; a +0 robe; an orc corpse You barely miss the water moccasin with your +2 dagger of venom.
You barely miss the water moccasin with your +0 war axe.
* * * LOW HITPOINT WARNING * * *
You feel very sick.
Surch completely misses the water moccasin.
The water moccasin misses you.
An orc priest comes into view. It is wielding a +0 mace.
It was a potion of brilliance.
You feel clever all of a sudden.
* * * LOW HITPOINT WARNING * * *
You feel very sick.
The water moccasin completely misses you.
Surch completely misses the water moccasin.
The orc hits you but does no damage. The orc warrior closely misses you.
The water moccasin barely misses you.
It was a potion of might.
You feel very mighty all of a sudden.
* * * LOW HITPOINT WARNING * * *
You feel sick.
Surch misses the water moccasin.
The orc closely misses you. The water moccasin closely misses you.
The orc warrior completely misses you.
It was a potion of degeneration.
There was something very wrong with that liquid.
You feel weakened.
You feel dopey.
You feel clumsy.
* * * LOW HITPOINT WARNING * * *
You feel sick. The water moccasin bites you.
* * * LOW HITPOINT WARNING * * *
Surch hits the water moccasin.
The orc closely misses you.
The orc warrior hits you with a +0 mace.
You die...
Hepliaklqana delivers you to your ancestors.

#........# #....##
###.###### #.##... #.#
#######.# .## #######.#
#.....(.##... #.....#.#
#..........# #.....#.#
#.........###
#.....#.####)...........
#.....#.#..)))..).......
#..†.......<##.R@o..###
#.....#.######.So...#
#.....#.# #.o..)..#
#.....#.# #.#####....
#######.# ..# ... #.#
...# #. #.# ..... #..
....


You could see the friendly Surch the ancestor, an orc warrior, a water moccasin
(ally target), an orc priest and an orc.

Vanquished Creatures
  Jeremiah (D:7)
  Eustachio (D:6)
  Menkaure (D:7)
  A water moccasin (D:7)
  2 orc warriors
  2 black bears
  2 ice beasts
  A sky beast (D:7)
  A phantom (D:6)
  A centaur (D:7)
  2 kobold brigands (D:7)
  A bullfrog (D:8)
  3 scorpions
  A wight (D:7)
  A killer bee (D:7)
  3 orc priests
  2 bombardier beetles (D:6)
  7 hounds
  A jelly (D:7)
  3 iguanas
  7 orc wizards
  4 adders
  2 shadow imps (D:6)
  2 white imps (D:7)
  2 ufetubi (D:6)
  2 ribbon worms
  3 dart slugs
  17 orcs
  6 ball pythons
  5 endoplasms
  2 giant cockroaches
  6 goblins
  6 hobgoblins
  8 jackals (D:1)
  10 kobolds
  2 quokkas
  4 bats
  4 frilled lizards
  3 rats (D:1)
  A butterfly (D:4)
133 creatures vanquished.

Vanquished Creatures (collateral kills)
  An orc wizard (D:8)
  2 orcs (D:8)
3 creatures vanquished.

Grand Total: 136 creatures vanquished

Notes
Turn   | Place    | Note
-------+----------+-------------------------------------------
     0 | D:1      | chipmonk the Coglin Gladiator began the quest for the Orb.
     0 | D:1      | Reached XP level 1. HP: 16/16 MP: 1/1
   123 | D:1      | Reached XP level 2. HP: 19/22 MP: 2/2
   280 | D:1      | Reached XP level 3. HP: 16/28 MP: 3/3
   420 | D:1      | Reached skill level 1 in Armour
  1163 | D:2      | Reached XP level 4. HP: 26/34 MP: 4/4
  1654 | D:3      | Reached skill level 1 in Evocations
  2582 | D:4      | Found a shimmering altar of Xom.
  2613 | D:4      | Reached XP level 5. HP: 37/40 MP: 5/5
  2856 | D:4      | Identified the +1 robe of Ecaarinnymp {Will+ Slay+3}
  3348 | D:4      | Noticed a black bear
  3358 | D:4      | Killed a black bear
  3359 | D:4      | Reached XP level 6. HP: 17/47 MP: 6/6
  3818 | D:5      | Entered Level 5 of the Dungeon
  3842 | D:5      | Noticed an ice beast
  3855 | D:5      | Killed an ice beast
  3929 | D:5      | Reached XP level 7. HP: 51/52 MP: 7/7
  3934 | D:5      | Identified the beast talisman of Inaction {rElec rC- rCorr
                  | Dex+7}
  3991 | D:5      | Found Bapixam's Assorted Antiques.
  4156 | D:5      | Found a white marble altar of Elyvilon.
  4344 | D:6      | Noticed Eustachio
  4357 | D:6      | Killed Eustachio
  4507 | D:6      | Identified a scroll of acquirement
  4508 | D:6      | Acquired the +0 cloak of Daisies {Will+ rCorr MP+9}
  4609 | D:6      | Reached XP level 8. HP: 56/60 MP: 8/8
  4635 | D:6      | Reached skill level 5 in Axes
  4682 | D:6      | Reached skill level 5 in Evocations
  4696 | D:6      | Identified the +1 helmet "Qelafanokh" {rF+ rC+}
  4831 | D:6      | Found a staircase to the Ecumenical Temple.
  4848 | Temple   | Entered the Ecumenical Temple
  4889 | Temple   | Became a worshipper of Hepliaklqana the Forgotten
  4907 | D:6      | Found a burning altar of Makhleb.
  5054 | D:6      | Found a snail-covered altar of Cheibriados.
  5346 | D:7      | Noticed Jeremiah
  5575 | D:7      | Reached skill level 5 in Fighting
  5575 | D:7      | Reached skill level 5 in Dodging
  5575 | D:7      | Reached skill level 1 in Invocations
  5586 | D:7      | Killed Jeremiah
  5587 | D:7      | Reached XP level 9. HP: 35/68 MP: 10/10
  5939 | D:7      | Noticed Menkaure
  5946 | D:7      | Killed Menkaure
  6095 | D:7      | Found a broken altar of Ashenzari.
  6245 | D:7      | Reached * piety under Hepliaklqana
  6606 | D:7      | Reached skill level 5 in Armour
  6847 | D:8      | HP: 3/62 [water moccasin (1)]
  6847 | D:8      | Slain by an orc warrior

Illustrated notes

Levels and vault maps discovered:
D:1:      minmay_arrival_arboretum_large, layout_basic
D:2:      layout_basic
D:3:      layout_basic
D:4:      layout_layer_cave, xom_butterflies
D:5:      layout_rooms, mainiacjoe_overflow_six_doors_small, serial_shops,
          nicolae_stop_n_shop_1
D:6:      layout_rooms, mainiacjoe_overflow_alcove_2, slow_altar_2,
          minmay_temple_entry_gardened_gates, uniq_eustachio
D:7:      layout_cave_pools, serial_co_window_serial, co_window_corner_a,
          co_window_corner_a, co_window_corner_a, co_window_paths_b,
          co_window_corner_a, co_window_corner_a, co_window_cross_1,
          co_window_unsneaky_path_a, co_window_2corner, co_window_cross_4,
          co_window_corner_cb, co_window_2corner, co_window_paths_d,
          glass_columns_b, glass_columns_a, glass_columns_a,
          minmay_ruined_shrine, uniq_jeremiah, uniq_menkaure
D:8:      layout_rooms, kennysheep_mini_moat, nicolae_wu_jian_wuxing_cycle
Temple:   nicolae_temple_cloud_nine

Skill      XL: |  1  2  3  4  5  6  7  8  9 |
---------------+----------------------------+-----
Throwing       | 2 |  2.0
Armour         | 1 2 3 4 5 |  5.2
Dodging        | 3 4 5 |  5.9
Evocations     | 1 2 3 4 5 |  5.0
Fighting       | 3 4 5 6 |  6.1
Axes           | 4 5 6 |  6.6
Invocations    | 1 3 |  3.0

Action                     |  1- 3 |  4- 6 |  7- 9 || total
---------------------------+-------+-------+-------++-------
  Melee: War axe           |    59 |    86 |   199 ||   344
         Dagger            |    51 |    81 |   189 ||   321
  Evoke: Wand              |       |       |     3 ||     3
    Use: Scroll            |       |     5 |     8 ||    13
         Potion            |       |       |     3 ||     3
 Armour: Leather armour    |    33 |    65 |   162 ||   260
  Dodge: Dodged            |    29 |    52 |   162 ||   243

Table legend: (Time is in decaauts)
 A = Elapsed time spent in this place.
 B = Non-inter-level travel time spent in this place.
 C = Inter-level travel time spent in this place.
 D = Time resting spent in this place.
 E = Time spent auto-exploring this place.
 F = Levels seen in this place.
 G = Mean time per level.
                   A        B        C        D        E       F      G
               +--------+--------+--------+--------+--------+-----+--------+
         Total |   6893 |   6869 |     24 |    802 |   4598 |   9 |  765.9 |
       Dungeon |   6842 |   6818 |     24 |    802 |   4598 |   8 |  855.2 |
        Temple |     50 |     50 |      0 |      0 |      0 |   1 |   50.0 |
               +--------+--------+--------+--------+--------+-----+--------+

Top non-repeatable levels by time:
     D:4: 1441 daAuts
     D:7: 1223 daAuts
     D:6: 1162 daAuts
     D:1: 999 daAuts
     D:3: 737 daAuts
     D:2: 659 daAuts
     D:5: 530 daAuts
     D:8: 88 daAuts
  Temple: 50 daAuts
